 Dungeon Crawl Stone Soup version 0.31.0-32-g396128a36d (webtiles) character file.

Game seed: 2915334959502028460

103319 pretsel the Impassioned (level 15, -11/133 HPs)
             Began as a Demonspawn Shapeshifter on Mar 26, 2024.
             Was an Elder of Uskayaw.
             Mangled by a spriggan rider
             ... wielding a +0 spear
              (20 damage)
             ... on level 1 of the Swamp.
             The game lasted 01:27:25 (20976 turns).

pretsel the Impassioned (Demonspawn Shapeshifter)  Turns: 20976, Time: 01:27:25

Health: -11/133    AC: 17    Str: 27    XL:     15   Next: 88%
Magic:  27/27      EV: 10    Int: 12    God:    Uskayaw [****..]
Gold:   471        SH: 11    Dex: 17    Spells: 17/19 levels left

rFire   . . .        T - +2 broad axe (flame)
rCold   . . .        b - +1 kite shield
rNeg    . . .        L - +4 swamp dragon scales of Omarus {rPois Regen+ Dex+5}
rPois   +            (helmet unavailable)
rElec   .            (cloak currently unavailable)
rCorr   +            (gloves currently unavailable)
SInv    .            (boots currently unavailable)
Will    +....        j - amulet of faith
Stlth   +            e - ring of resist corrosion
HPRegen 1.22/turn    q - +6 ring of strength
MPRegen 0.20/turn

%: faith
@: mighty, beast-form
A: beast (slay +4), horns 3, slimy green scales 2, foul stench 3, powered by
pain 1, augmentation 1, deterioration 1, mutation resistance 1, robust 1, no
potion heal 1
a: Begin Untransformation, Renounce Religion, Stomp, Line Pass


You were on level 1 of the Swamp.
You worshipped Uskayaw.
Uskayaw was most pleased with you.
You were a hulking beast.
You visited 5 branches of the dungeon, and saw 24 of its levels.

You collected 2592 gold pieces.
You spent 2121 gold pieces at shops.

Inventory:

Hand Weapons
 u - a +9 war axe of freezing
 T - a +2 broad axe of flaming (weapon)
Missiles
 B - 2 javelins (quivered)
Armour
 b - a +1 kite shield (worn)
 m - the +5 plate armour of the Game of Kings {Str+3}
   (You bought it in a shop on level 11 of the Dungeon)

   Str+3:     It affects your strength (+3).
 L - the +4 swamp dragon scales of Omarus (worn) {rPois Regen+ Dex+5}
   (You found it on level 8 of the Dungeon)

   Dex+5:     It affects your dexterity (+5).
   rPois:     It protects you from poison Regen+: It increases your rate of
   health regeneration.
Jewellery
 a - a ring of magical power
 d - an amulet of the acrobat
 e - a ring of resist corrosion (left hand)
 j - an amulet of faith (around neck)
 l - the ring "Tyfejah" {rPois Int-2 Slay+3 Stlth+}
   (You acquired it on level 2 of the Dungeon)

   [ring of poison resistance]

   Int-2:     It affects your intelligence (-2).
   Slay+3:    It affects your accuracy & damage with ranged weapons and melee
   (+3).
   rPois:     It protects you from poison Stlth+: It makes you more stealthy.
 q - a +6 ring of strength (right hand)
 t - a +5 ring of evasion
 I - a ring of protection from fire
 J - an amulet of reflection
 M - a +4 ring of protection
 P - a +4 ring of protection
 V - the ring "Ubugysto" {*Corrode rF+ rC+ rN+ Dex+6}
   (You found it on level 2 of the Lair of Beasts)

   [ring of dexterity]

   Dex+6:     It affects your dexterity (+6).
   rF+:       It protects you from fire.
   rC+:       It protects you from cold.
   rN+:       It protects you from negative energy.
   *Corrode:  It may corrode you when you take damage.
 Z - a ring of see invisible
Talismans
 c - a beast talisman
Wands
 s - a wand of flame (22)
 y - a wand of mindburst (25)
 E - a wand of polymorph (16)
 K - a wand of quicksilver (5)
 Q - a wand of roots (12)
 R - a wand of digging (10)
 X - a wand of paralysis (8)
Scrolls
 f - a scroll of fog
 i - 13 scrolls of teleportation
 o - 2 scrolls of blinking
 r - 2 scrolls of vulnerability
 C - 4 scrolls of revelation
 D - 3 scrolls of poison
 F - a scroll of brand weapon
 H - 2 scrolls of silence
 S - 4 scrolls of identify
 U - 2 scrolls of amnesia
 Y - a scroll of summoning
Potions
 g - 7 potions of curing
 h - 2 potions of resistance
 k - 3 potions of brilliance
 n - a potion of haste
 p - 3 potions of might
 v - a potion of cancellation
 z - 3 potions of magic
 A - 3 potions of ambrosia
 G - 3 potions of invisibility
 W - 2 potions of enlightenment
Miscellaneous
 N - a box of beasts
 O - a phantom mirror


   Skills:
 + Level 12.2 Fighting
 * Level 15.2 Axes
 + Level 11.3 Armour
 - Level 1.7 Dodging
 - Level 0.2 Stealth
 + Level 4.3 Shields
 - Level 5.0 Unarmed Combat
 - Level 2.5 Spellcasting
 - Level 2.5 Translocations
 - Level 16.0 Invocations
 - Level 7.0 Shapeshifting


You had 17 spell levels left.
You knew the following spells:

 Your Spells              Type           Power      Damage    Failure   Level
a - Blink                 Tloc           14%        N/A       36%         2

Your spell library contained the following spells:

 Spells                   Type           Power      Damage    Failure   Level
 Lesser Beckoning         Tloc           14%        N/A       36%         2
 Momentum Strike          Conj/Tloc      8%         3d8       54%         2
 Magic Dart               Conj           4%         1d3       56%         1
 Sandblast                Erth           2%         2d4       56%         1
 Sting                    Conj/Alch      4%         1d3       56%         1
 Call Imp                 Summ           2%         N/A       71%         2
 Jinxbite                 Hex            2%         N/A       71%         2
 Mercury Vapours          Alch/Air       2%         N/A       71%         2
 Searing Ray              Conj           2%         2d4       71%         2
 Static Discharge         Conj/Air       2%         3-4/arc   71%         2
 Sublimation of Blood     Necr           1%         N/A       71%         2
 Frozen Ramparts          Ice            2%         1d1       91%         3
 Mephitic Cloud           Conj/Alch/Air  1%         N/A       91%         3
 Ozocubu's Armour         Ice            1%         N/A       91%         3
 Passwall                 Erth           1%         N/A       91%         3
 Stone Arrow              Conj/Erth      2%         3d7       91%         3
 Tukima's Dance           Hex            1%         N/A       91%         3
 Dimensional Bullseye     Hex/Tloc       2%         N/A       99%         4
 Iskenderun's Mystic Bla  Conj/Tloc      4%         2d3       99%         4
 Airstrike                Air            0%         2d(1-17)  100%        4
 Anguish                  Hex/Necr       0%         N/A       100%        4
 Brom's Barrelling Bould  Conj/Erth      1%         2d3       100%        4
 Cause Fear               Hex            0%         N/A       100%        4
 Fulminant Prism          Conj/Alch      0%         3d5       100%        4
 Olgreb's Toxic Radiance  Alch           1%         N/A       100%        4
 Summon Lightning Spire   Summ/Air       1%         N/A       100%        4
 Freezing Cloud           Conj/Ice/Air   0%         6-21      100%        5
 Yara's Violent Unravell  Hex/Alch       0%         3d3       100%        5
 Enfeeble                 Hex            0%         N/A       100%        7
 Ozocubu's Refrigeration  Ice            0%         4d7       100%        7
 Summon Hydra             Summ           0%         N/A       100%        7


Dungeon Overview and Level Annotations

Branches:
Dungeon (15/15)            Temple (1/1) D:5            Lair (5/5) D:10
  Swamp (1/4) Lair:3       Spider (0/4) Lair:3        Slime (0/5) Lair:4
    Orc (2/2) D:9             Elf (0/3) Orc:2        Vaults (0/5) D:14
 Depths (0/4) D:15

Altars:
Ashenzari
Cheibriados
Dithmenos
Fedhas
Gozag
Hepliaklqana
Kikubaaqudgha
Makhleb
Nemelex Xobeh
Okawaru
Qazlal
Ru
Sif Muna
Trog
Uskayaw
Vehumet
Wu Jian
Xom
Yredelemnul
Jiyva

Shops:
D:2 [   D:7 (   D:11 [[!=?   Orc:2 ?*?(:*[!

Portals:
Hell: Lair:5
Trove: D:12 (give +3 shadow dragon scales)

Annotations:
D:14 2 runed translucent doors, Cown's ghost, journeyman TrHu
Lair:4 exclusion: 2 oklob plants


Innate Abilities, Weirdness & Mutations

You are a hulking beast.
Your limbs bulge with bestial killing power. (Slay +4)
You have a pair of large horns on your head.
You are mostly covered in slimy green scales. (AC +3)
You frequently emit foul miasma when damaged in melee.
You sometimes gain a little power by taking damage.
Your magical and physical power is slightly enhanced at high health.
Your body sometimes deteriorates upon taking damage.
You are somewhat resistant to further mutation.
You are robust. (+10% HP)
Potions are less effective at restoring your health.


Message History

You slice the spriggan rider!! You burn the spriggan rider.
The thorn hunter hits the briar patch but does no damage.
The thorn hunter hits the briar patch!!
The briar patch is destroyed!
You block the spriggan rider's attack.
The spriggan rider hits you with a +1 vampiric spear!!
* * * LOW HITPOINT WARNING * * *
You emit a cloud of foul miasma!
You block the spriggan rider's attack.
Uskayaw will force your foes to helplessly watch your dance.
You slash the spriggan rider! You burn the spriggan rider.
You kill the hornet!
The spriggan falls from its now dead mount.
Your headbutt misses the spriggan.
The spriggan is heavily wounded.
You slash the spriggan rider!
You hear a splash. x2
You kill the spriggan!
You burn the hornet.
The hornet is engulfed in dark miasma.
The hornet is poisoned.
The hornet stings you but does no damage.
The spriggan rider hits you but does no damage.
The spriggan splashes around in the water.
Uskayaw will force your foes to share their pain.
Uskayaw links your audience in an emotional bond!
Okay, then.
Okay, then.
You completely miss the hornet. You headbutt the hornet!
You kill the hornet!
You slice the spriggan!! You burn the spriggan.
You kill the spriggan!
You hear a splash. x2
The thorn hunter hits the briar patch but does no damage.
The thorn hunter hits the briar patch!
The spriggan rider hits you from afar with a +0 spear!
* * * LOW HITPOINT WARNING * * *
Okay, then.
The thorn hunter hits the briar patch!
The briar patch is destroyed!
The spriggan rider hits you with a +0 spear!!
You die...

~~..fP~.~....♣
~~P.PP~.≈≈≈≈.♣
.~PPPP.R≈≈≈≈.♣♣♣
♣~.~~.≈≈≈≈≈..♣.♣
♣♣♣.
♣..≈≈≈≈♣...♣♣<♣~~..~
≈≈≈≈~..~♣♣♣.~~...~~.
♣♣i)°§~~.~~~~♣~...
♣♣♣~.h†.§~.~♣♣♣♣ ..
♣..~~~)~§~~~~~.♣
♣..~~~~~~~~~§~...
♣♣.~~~~~~~~§~....~
♣♣.~........~~~♣♣
♣..~♣.....♣♣♣♣♣
♣~~♣♣~.~♣♣♣ ♣..
♣~~♣♣ .~~ ~§~


You could see a thorn hunter (pain bonded), an eleionoma (pain bonded) and a
spriggan rider (pain bonded).

Vanquished Creatures
  Saint Roka (Orc:2)
  Gastronok (Lair:2)
  An orc warlord (Orc:2)
  Snorg (Lair:4)
  A fire dragon (Lair:2)
  10 hydras
  A rakshasa (D:15)
  4 centaur warriors
  2 catoblepae
  A death knight (D:15)
  9 boulder beetles
  3 tengu warriors (D:14)
  6 two-headed ogres
  An orc high priest (Orc:2)
  3 spriggans (Swamp:1)
  3 skysharks
  A skeletal warrior (D:15)
  A sixfirhy (Lair:5)
  Amaemon (Lair:2)
  A swamp dragon (Lair:3)
  3 arcanists
  A bog body (Swamp:1)
  A glowing orange brain (D:15)
  2 phantasmal warriors (D:15)
  5 orc knights
  Pikel (D:7)
  A deep elf pyromancer (D:15)
  16 ugly things
  4 orc sorcerers
  An oklob plant (Lair:4)
  2 manticores
  6 elephants
  3 kobold blastminers
  A meliai (shapeshifter) (D:15)
  9 cyclopes
  3 black mambas
  A smoke demon (Lair:5)
  A torpor snail (shapeshifter) (D:15)
  2 torpor snails
  2 orange demons
  A gargoyle (D:13)
  16 cane toads
  Joseph (Lair:1)
  4 rime drakes
  An efreet (D:13)
  14 komodo dragons
  A yaktaur (D:15)
  3 ice devils (Lair:5)
  7 trolls
  A red devil (Lair:5)
  6 tengu conjurers
  A wolf spider simulacrum (D:15)
  3 burning bushes (Lair:3)
  3 hornets (Swamp:1)
  2 polar bears
  A dream sheep (Lair:5)
  9 blink frogs
  13 slime creatures
  6 wyverns
  36 yaks
  2 wraiths
  7 basilisks
  A warg (Orc:1)
  An acid dragon (D:12)
  4 hell hounds (Lair:5)
  19 water moccasins
  An ice beast (D:6)
  2 swamp drakes
  3 black bears
  24 orc warriors
  A sky beast (D:7)
  5 ogres
  10 centaurs
  The ghost of syranez the Digger, an amateur DgEE (D:3)
  21 wolves
  2 lemures (D:7)
  8 bullfrogs
  2 kobold brigands
  Blork the orc (Orc:2)
  2 gnoll sergeants
  8 scorpions
  5 wights (D:10)
  3 killer bees (D:8)
  2 electric eels (D:15)
  5 howler monkeys
  A bombardier beetle (D:4)
  A crimson imp (D:3)
  2 jellies
  11 orc priests
  3 hounds
  A gnoll bouda (D:9)
  2 sleepcaps (D:4)
  3 iguanas
  Ijyb (D:5)
  Terence (D:2)
  16 orc wizards
  11 gnolls
  7 adders
  4 ufetubi
  3 dart slugs
  3 ribbon worms
  68 orcs
  7 bats
  4 endoplasms
  2 giant cockroaches
  4 goblins
  2 hobgoblins (D:2)
  6 jackals
  21 kobolds
  3 quokkas
  4 ball pythons
  5 frilled lizards
  4 rats
  A spectral hobgoblin (D:3)
587 creatures vanquished.

Notes
Turn   | Place    | Note
-------+----------+-------------------------------------------
     0 | D:1      | pretsel the Demonspawn Shapeshifter began the quest for the
                  | Orb.
     0 | D:1      | Reached XP level 1. HP: 15/15 MP: 1/1
   242 | D:1      | Gained mutation: You may rarely emit foul miasma when
                  | damaged in melee. [demonic ancestry]
   242 | D:1      | Reached XP level 2. HP: 21/21 MP: 2/2
   850 | D:2      | Identified a scroll of acquirement
   850 | D:2      | Acquired the ring "Tyfejah" {rPois Int-2 Slay+3 Stlth+}
  1077 | D:2      | Noticed Terence
  1093 | D:2      | Gained mutation: You have a pair of small horns on your
                  | head. [demonic ancestry]
  1093 | D:2      | Reached XP level 3. HP: 26/26 MP: 3/3
  1104 | D:2      | Killed Terence
  1190 | D:2      | Found Vevanogy's Antique Armour Emporium.
  1220 | D:2      | Gained mutation: You have a pair of horns on your head.
                  | [demonic ancestry]
  1220 | D:2      | Reached XP level 4. HP: 30/32 MP: 4/4
  1385 | D:3      | Noticed syranez's ghost (amateur DgEE)
  1387 | D:3      | Found a transporter.
  1561 | D:3      | Found a transporter.
  1655 | D:3      | Found a burning altar of Makhleb.
  1656 | D:3      | Found a radiant altar of Vehumet.
  1661 | D:3      | Reached skill level 5 in Unarmed Combat
  1688 | D:3      | Found a faded altar of an unknown god.
  1800 | D:3      | Noticed a bullfrog
  1812 | D:3      | Killed a bullfrog
  1813 | D:3      | Reached skill level 1 in Armour
  1813 | D:3      | Gained mutation: You are partially covered in slimy green
                  | scales. (AC +2) [demonic ancestry]
  1813 | D:3      | Reached XP level 5. HP: 35/38 MP: 5/5
  2403 | D:4      | Noticed a black bear
  2411 | D:4      | Killed a black bear
  2412 | D:4      | Gained mutation: You sometimes gain a little power by
                  | taking damage. [demonic ancestry]
  2412 | D:4      | Reached XP level 6. HP: 42/45 MP: 6/6
  2929 | D:4      | Reached skill level 1 in Axes
  3017 | D:4      | Found a sparkling altar of Nemelex Xobeh.
  3030 | D:4      | Gained mutation: You sometimes emit foul miasma when
                  | damaged in melee. [demonic ancestry]
  3030 | D:4      | Reached XP level 7. HP: 31/52 MP: 7/7
  3325 | D:5      | Entered Level 5 of the Dungeon
  3430 | D:5      | Found a staircase to the Ecumenical Temple.
  3439 | Temple   | Entered the Ecumenical Temple
  3442 | Temple   | Became a worshipper of Uskayaw the Reveller
  3520 | D:5      | Found a shimmering blue altar of Sif Muna.
  3529 | D:5      | Found a blossoming altar of Fedhas.
  3635 | D:5      | Reached * piety under Uskayaw
  3642 | D:5      | Reached ** piety under Uskayaw
  3643 | D:5      | Noticed Ijyb
  3644 | D:5      | Reached *** piety under Uskayaw
  3645 | D:5      | Reached **** piety under Uskayaw
  3649 | D:5      | Killed Ijyb
  3649 | D:5      | Reached ***** piety under Uskayaw
  3978 | D:3      | Killed syranez's ghost
  3979 | D:3      | Reached skill level 5 in Axes
  4125 | D:6      | Gained mutation: You frequently emit foul miasma when
                  | damaged in melee. [demonic ancestry]
  4125 | D:6      | Reached XP level 8. HP: 58/58 MP: 8/8
  4135 | D:6      | Identified the +1 robe of the Learner {+Blink Dex+4}
  4764 | D:6      | Reached skill level 1 in Invocations
  4784 | D:6      | Reached XP level 9. HP: 58/64 MP: 9/9
  5104 | D:7      | Found Iptyivom's Firing Range.
  5507 | D:7      | Reached skill level 2 in Invocations
  5570 | D:7      | Gained mutation: Your body sometimes deteriorates upon
                  | taking damage. [potion of mutation]
  5570 | D:7      | Gained mutation: You are resistant to electric shocks.
                  | (rElec) [potion of mutation]
  5571 | D:7      | Lost mutation: You are resistant to electric shocks.
                  | (rElec) [potion of mutation]
  5571 | D:7      | Lost mutation: Your body sometimes deteriorates upon taking
                  | damage. [potion of mutation]
  5571 | D:7      | Gained mutation: Potions are less effective at restoring
                  | your health. [potion of mutation]
  5571 | D:7      | Gained mutation: Your body sometimes deteriorates upon
                  | taking damage. [potion of mutation]
  5571 | D:7      | Gained mutation: You are robust. (+10% HP) [potion of
                  | mutation]
  5571 | D:7      | Gained mutation: You are somewhat resistant to further
                  | mutation. [potion of mutation]
  5633 | D:7      | Noticed Pikel
  5645 | D:7      | Killed Pikel
  5646 | D:7      | Reached skill level 3 in Invocations
  5959 | D:8      | Reached skill level 4 in Invocations
  6009 | D:8      | Identified the +4 swamp dragon scales of Omarus {rPois
                  | Regen+ Dex+5}
  6299 | D:9      | Reached ****** piety under Uskayaw
  6488 | D:9      | Noticed a two-headed ogre
  6495 | D:9      | Killed a two-headed ogre
  6496 | D:9      | Reached skill level 5 in Fighting
  6496 | D:9      | Reached skill level 5 in Invocations
  6496 | D:9      | Reached skill level 5 in Shapeshifting
  6496 | D:9      | Gained mutation: You are mostly covered in slimy green
                  | scales. (AC +3) [demonic ancestry]
  6496 | D:9      | Reached XP level 10. HP: 76/81 MP: 13/13
  6621 | D:9      | Found a staircase to the Orcish Mines.
  6980 | D:10     | Entered Level 10 of the Dungeon
  6980 | D:10     | Noticed a two-headed ogre
  6988 | D:10     | Killed a two-headed ogre
  6989 | D:10     | Reached skill level 5 in Armour
  7064 | D:10     | Noticed a two-headed ogre
  7068 | D:10     | Killed a two-headed ogre
  7069 | D:10     | Reached skill level 6 in Invocations
  7265 | D:10     | Found a staircase to the Lair.
  7280 | D:10     | Reached skill level 7 in Invocations
  7782 | D:11     | Gained mutation: Your magical and physical power is
                  | slightly enhanced at high health. [demonic ancestry]
  7782 | D:11     | Reached XP level 11. HP: 90/91 MP: 16/16
  7789 | D:11     | Noticed a boulder beetle
  7799 | D:11     | Killed a boulder beetle
  7873 | D:11     | Found Seolol's Armour Shop.
  7948 | D:11     | Found Zizeshro's Distillery.
  7951 | D:11     | Bought a potion of experience for 700 gold pieces
  7951 | D:11     | Reached skill level 11 in Invocations
  7951 | D:11     | Reached XP level 12. HP: 97/97 MP: 16/20
  8045 | D:11     | Found Beqoyzik's Armour Shop.
  8340 | D:11     | Noticed a boulder beetle
  8350 | D:11     | Killed a boulder beetle
  8394 | D:11     | Found Cohyrira's Jewellery Boutique.
  8401 | D:11     | Found Zapakus's Magic Scroll Boutique.
  8409 | D:11     | Bought a scroll of identify for 34 gold pieces
  8902 | Lair:1   | Entered Level 1 of the Lair of Beasts
  8938 | Lair:1   | Noticed Joseph
  8947 | Lair:1   | Killed Joseph
  9446 | Lair:1   | Reached skill level 12 in Invocations
 10285 | Lair:2   | Noticed a boulder beetle
 10293 | Lair:2   | Killed a boulder beetle
 10316 | Lair:2   | Noticed a five-headed hydra
 10316 | Lair:2   | Noticed Amaemon
 10324 | Lair:2   | Killed Amaemon
 10327 | Lair:2   | Killed a one-headed hydra
 10375 | Lair:2   | Noticed a seven-headed hydra
 10391 | Lair:2   | Killed a four-headed hydra
 10392 | Lair:2   | Gained mutation: You have a pair of large horns on your
                  | head. [demonic ancestry]
 10392 | Lair:2   | Reached XP level 13. HP: 99/107 MP: 22/22
 10504 | Lair:2   | Reached skill level 13 in Invocations
 10515 | Lair:2   | Noticed Gastronok
 10526 | Lair:2   | Killed Gastronok
 10635 | Lair:2   | Noticed a fire dragon
 10666 | Lair:2   | Killed a fire dragon
 11083 | Lair:2   | Identified the ring "Ubugysto" {*Corrode rF+ rC+ rN+ Dex+6}
 11209 | Lair:3   | Found a hole to the Spider Nest.
 11365 | Lair:3   | Found a staircase to the Swamp.
 11497 | Lair:3   | Reached skill level 14 in Invocations
 12443 | Lair:4   | Noticed Snorg
 12450 | Lair:4   | Killed Snorg
 12503 | Lair:4   | Reached skill level 10 in Fighting
 12691 | Lair:4   | Found a viscous altar of Jiyva.
 12691 | Lair:4   | Found a staircase to the Slime Pits.
 13127 | Lair:5   | Entered Level 5 of the Lair of Beasts
 13135 | Lair:5   | Reached XP level 14. HP: 116/121 MP: 24/24
 13402 | Lair:5   | Reached skill level 15 in Invocations
 13707 | Lair:5   | Found a burning altar of Makhleb.
 13718 | Lair:5   | Reached skill level 10 in Armour
 13724 | Lair:5   | Found a gateway to Hell.
 13731 | Lair:5   | Got the Parchment of Frost
 14481 | D:12     | Found a portal to a secret trove of treasure.
 14693 | D:12     | Identified the staff "Hakuuwoe" {^Contam rPois rC+ Conj
                  | Necro Ice}
 14928 | D:12     | Learned a level 2 spell: Blink
 15213 | D:13     | You fall into a shaft and drop 1 floor!
 15213 | D:14     | Found a runed translucent door.
 15215 | D:14     | Noticed a tengu reaver
 15255 | D:13     | Found a faded altar of an unknown god.
 15270 | D:13     | Reached skill level 1 in Spellcasting
 15270 | D:13     | Reached skill level 1 in Translocations
 15915 | D:14     | Reached XP level 15. HP: 85/130 MP: 26/26
 16059 | Orc:1    | Entered Level 1 of the Orcish Mines
 16073 | Orc:1    | Reached skill level 1 in Shields
 16434 | D:11     | Bought the +5 plate armour of the Game of Kings {Str+3} for
                  | 858 gold pieces
 16467 | D:11     | Bought a +6 ring of strength for 432 gold pieces
 16557 | Orc:2    | Entered Level 2 of the Orcish Mines
 16577 | Orc:2    | Noticed Saint Roka
 16898 | Orc:2    | Killed Saint Roka
 17049 | Orc:2    | Found Deter's Magic Scroll Emporium.
 17077 | Orc:2    | Noticed Blork the orc
 17078 | Orc:2    | Reached skill level 16 in Invocations
 17085 | Orc:2    | Killed Blork the orc
 17101 | Orc:2    | Found Xoloiqan's Antique Weapon Shop.
 17119 | Orc:2    | Found Qedd's Antique Armour Shop.
 17256 | Orc:2    | Found Nuefon's Distillery.
 17363 | Orc:2    | Found Biofieg's Book Shop.
 17502 | Orc:2    | Found Fasiwk's Assorted Antiques.
 17559 | Orc:2    | Found Eneetwoe's Magic Scroll Boutique.
 17870 | Orc:2    | Found a staircase to the Elven Halls.
 17976 | Orc:2    | Found Gorytremp's General Store.
 17982 | Orc:2    | Bought a scroll of enchant armour for 97 gold pieces
 18347 | D:14     | Found a gate to the Vaults.
 18551 | D:14     | Found a runed translucent door.
 18554 | D:14     | Noticed a storm dragon
 18554 | D:14     | Noticed a lich
 18554 | D:14     | Noticed Cown's ghost (journeyman TrHu)
 18582 | D:14     | Found a broken altar of Ashenzari.
 19033 | D:15     | Entered Level 15 of the Dungeon
 19687 | D:15     | Reached skill level 15 in Axes
 20286 | D:15     | Found a staircase to the Depths.
 20916 | Swamp:1  | Entered Level 1 of the Swamp
 20972 | Swamp:1  | Noticed a thorn hunter
 20976 | Swamp:1  | Mangled by a spriggan rider

Illustrated notes

Levels and vault maps discovered:
D:1:      minmay_arrival_stair_chambers, layout_basic, minmay_surrounded
D:2:      layout_loops_ring, serial_shops, shop, st_stairs_3, uniq_terence
D:3:      layout_rooms, grunt_temple_overflow_lords_of_destruction,
          gammafunk_ghost_arena, serial_co_window_serial, co_window_corner_a,
          co_window_paths_a, co_window_paths_a, co_window_paths_b,
          co_window_cross_1, co_window_corner_a, co_window_paths_a,
          co_window_of_opportunity_a, co_window_paths_a, co_window_broadway_c,
          co_window_corner_b, co_window_paths_c, co_window_unsneaky_path_b,
          co_window_4corner_b, glass_columns_a,
          dreamdust_ecumenical_altar_drowned_temple
D:4:      kb_forest_paths, layout_loops_ring, mainiacjoe_overflow_24_doors,
          nrook_mini_backslash
D:5:      layout_cave_pools, mainiacjoe_overflow_large_starburst,
          minmay_temple_entry_statues_fountains, corexii_corridor_pit,
          hex_large, uniq_ijyb
D:6:      layout_gridville, minmay_crystal_room, kennysheep_generic_room_14
D:7:      layout_basic, nicolae_shop_firing_range, uniq_pikel
D:8:      layout_rooms
D:9:      layout_long_grid, erik_orc_1, nicolae_titane
D:10:     layout_basic, erik_lair_dragon, chequers_serial_rivers_micro_e
D:11:     layout_rooms, serial_shops, shop, nicolae_shop_crystal,
          nicolae_inconvenience_store, nicolae_shop_behind_doors, shop,
          nicolae_letterblocks [nicolae_letter_subblock,
          nicolae_letter_subblock, nicolae_letter_subblock,
          nicolae_letter_subblock, nicolae_letter_subblock,
          nicolae_letter_subblock, nicolae_letter_subblock,
          nicolae_letter_subblock, nicolae_letter_subblock,
          nicolae_letter_subblock, nicolae_letter_subblock,
          nicolae_letter_subblock, nicolae_letter_subblock,
          nicolae_letter_subblock, nicolae_letter_subblock,
          nicolae_letter_subblock, nicolae_letter_subblock,
          nicolae_letter_subblock, nicolae_letter_subblock,
          nicolae_letter_subblock, nicolae_letter_subblock,
          nicolae_letter_subblock, nicolae_letter_subblock,
          nicolae_letter_subblock, nicolae_letter_subblock]
D:12:     layout_layer_cave, enter_trove_1
D:13:     layout_irregular_city, serial_column_ruins, column_ruins_temple_hall,
          column_ruins_hut, column_ruins_columns_straight,
          column_ruins_corridor_straight, column_ruins_open_small_water,
          column_ruins_grid_4, minmay_misc_feat_room
D:14:     layout_loops_ring, david_vaults_1, muffindrake_ghost_dual_entry,
          cheibrodos_ashenzari_chains
D:15:     gammafunk_enter_depths_forms, layout_gridville, serial_bayou_lagoon_a
Temple:   nicolae_temple_bog_church
Lair:1:   layout_layer_cave, minivault_19, uniq_joseph
Lair:2:   dragon1_lemuel, layout_big_grid, grunt_megastairs_4, uniq_amaemon,
          uniq_gastronok
Lair:3:   layout_layer_cave, minmay_swamp_entry_reptiles,
          nicolae_spider_entry_non_spiders, evilmike_ambush
          [evilmike_ambush_outer_basic, evilmike_ambush_inner_wall_1]
Lair:4:   layout_regular_city, minmay_slime_entry_oklob_open,
          minmay_lair_oklob_items, serial_bayou_shore_a, uniq_snorg
Lair:5:   evil_forest, layout_cellular_growth
Swamp:1:  layout_basic_swamp, evilmike_swamp_ruin_house_5,
          nicolae_swamp_long_stream
Orc:1:    layout_caves, kennysheep_orc_chapel, uniq_erolcha
Orc:2:    grunt_orc_cross, layout_diamond_mine, special_room, basic_altar,
          serial_shops, nicolae_shop_getting_attention,
          nicolae_shop_statue_plus, shop, nicolae_shop_hallway_plus,
          uniq_saint_roka

Skill      XL: |  1  2  3  4  5  6  7  8  9 10 11 12 13 14 15 |
---------------+----------------------------------------------+-----
Unarmed Combat | 3 4 5 |  5.0
Armour         | 1 2 4 5 6 7 9 10 11 | 11.3
Shapeshifting  | 3 5 6 7 |  7.0
Fighting       | 2 3 5 6 8 10 11 12 | 12.2
Axes           | 2 5 8 9 11 12 13 14 15 | 15.2
Invocations    | 1 5 7 11 12 14 15 16 | 16.0
Spellcasting   | 2 |  2.5
Translocations | 2 |  2.5
Shields        | 4 |  4.3
Dodging        | |  1.7
Stealth        | |  0.2

Action                     |  1- 3 |  4- 6 |  7- 9 | 10-12 | 13-15 || total
---------------------------+-------+-------+-------+-------+-------++-------
  Melee: Unarmed           |    85 |    69 |       |       |       ||   154
         Punch             |     2 |     6 |     2 |     7 |    12 ||    29
         Headbutt          |     1 |    13 |    13 |    51 |   149 ||   227
         War axe           |       |    38 |   118 |   184 |   484 ||   824
         Broad axe         |       |       |       |    15 |    92 ||   107
    Use: Scroll            |     9 |     5 |    12 |     7 |     5 ||    38
         Potion            |     1 |       |     5 |     1 |     6 ||    13
   Stab: Paralysed         |       |       |     7 |    22 |   106 ||   135
         Sleeping          |       |       |       |     7 |     4 ||    11
         Distracted        |       |       |       |       |     1 ||     1
 Armour: Animal skin       |    10 |       |       |       |       ||    10
         Scale mail        |    23 |    78 |    67 |       |       ||   168
         Skin              |    14 |       |     5 |       |       ||    19
         Swamp dragon scal |       |       |    18 |   159 |   367 ||   544
         Plate armour      |       |       |       |       |   115 ||   115
  Dodge: Dodged            |    30 |    48 |   113 |    70 |   216 ||   477
  Block: Other             |       |       |       |     2 |       ||     2
         Buckler           |       |       |       |       |    31 ||    31
         Kite shield       |       |       |       |       |    18 ||    18
